 Dungeon Crawl Stone Soup version 0.30.0 (webtiles) character file.

Game seed: 14625358512822043814

68 bat the Trooper (level 4, -2/35 HPs)
             Began as a Demonspawn Fighter on Aug 10, 2023.
             Slain by a gnoll
             ... wielding a +0 club
              (3 damage)
             ... on level 2 of the Dungeon.
             The game lasted 00:04:40 (1459 turns).

bat the Trooper (Demonspawn Fighter)                Turns: 1459, Time: 00:04:41

Health: -2/35      AC:  7    Str: 18    XL:     4   Next: 1%
Magic:  4/4        EV:  9    Int: 10    God:
Gold:   121        SH:  5    Dex: 14    Spells: 3/3 levels left

rFire   . . .        a - +0 long sword
rCold   . . .        c - +0 buckler
rNeg    . . .        b - +1 scale mail
rPois   .            (no helmet)
rElec   .            (no cloak)
rCorr   .            (no gloves)
SInv    .            (no boots)
Will    .....        (no amulet)
Stlth   +            (no ring)
HPRegen 0.25/turn    (no ring)
MPRegen 0.09/turn

%: no passive effects
@: mighty
A: claws 1, thin skeletal structure 1, powered by death 1
a: no special abilities


You were on level 2 of the Dungeon.
You visited 1 branch of the dungeon, and saw 2 of its levels.

You collected 121 gold pieces.

Inventory:

Hand Weapons
 a - a +0 long sword (weapon)
Armour
 b - a +1 scale mail (worn)
 c - a +0 buckler (worn)
 i - a scarf of invisibility
Scrolls
 h - a scroll of identify
Potions
 j - a potion of resistance {unknown}
 k - a potion of curing {unknown}
 l - a potion of attraction {unknown}


   Skills:
 + Level 3.5 Fighting
 - Level 1.9 Long Blades
 + Level 3.2 Armour
 + Level 3.2 Shields
 + Level 1.1 Unarmed Combat


You had 3 spell levels left.
You didn't know any spells.
Your spell library contained the following spells:

 Spells                   Type           Power      Damage    Failure   Level
 Apportation              Tloc           0%         N/A       83%         1
 Alistair's Intoxication  Tmut/Pois      0%         N/A       100%        5
 Summon Forest            Summ/Tloc      0%         N/A       100%        5
 Summon Mana Viper        Hex/Summ       0%         N/A       100%        5
 Summon Cactus Giant      Summ           0%         N/A       100%        6


Dungeon Overview and Level Annotations

Branches:
Dungeon (2/15)

Altars:


Innate Abilities, Weirdness & Mutations

You have sharp fingernails.
You have a somewhat thin skeletal structure. (Dex +2, Stealth+)
You regenerate a little health from kills.


Message History

The gnoll hits you but does no damage.
You barely miss the gnoll. The gnoll hits you with a +0 spear.
You slash the gnoll!
The gnoll is severely wounded.
The gnoll hits you but does no damage.
You closely miss the gnoll.
The gnoll is severely wounded.
The gnoll hits you with a +0 spear. The gnoll hits you but does no damage.
You slash the gnoll!
You kill the gnoll!
Things that are here:
a +0 spear; a gnoll corpse You block the gnoll's attack.
You slash the gnoll!
The gnoll is severely wounded.
The gnoll hits you with a +0 whip. You block the gnoll's attack.
You hit the gnoll.
The gnoll is severely wounded.
The gnoll hits you but does no damage. The gnoll hits you with a +0 whip.
The gnoll hits you but does no damage. The gnoll hits you with a +0 whip.
You block the gnoll's attack. The gnoll misses you.
You hit the gnoll.
You kill the gnoll!
The gnoll barely misses you.
The gnoll hits you from afar with a +0 halberd!
* * * LOW HITPOINT WARNING * * *
You have reached level 4!
You feel clever.
Your demonic ancestry asserts itself...
Your bones become slightly less dense.
The gnoll attacks as you move away! The gnoll hits you with a +0 club.
* * * LOW HITPOINT WARNING * * *
You slash the gnoll!
The gnoll is almost dead.
The gnoll closely misses you. You block the gnoll's attack.
You closely miss the gnoll.
The gnoll is almost dead.
The gnoll hits you with a +0 club.
* * * LOW HITPOINT WARNING * * *
The gnoll barely misses you. The gnoll hits you with a +0 club.
You die...

## #.####...##..#### #
.####.# ##.## #...##..#
#
......####...####.###..#
# .§##..............#
#..# #
.<§§...###...##>..###..#
# ..##.#.#
##.##.#....#..# # §## #
#.#<##.#.....# # .#
#....)..#.#..# # ..
###.##@#....##### # ###
## ##.#g#..#.....#######
.. ...
##(g.#.#####.#...... ..
.... ##.##.# #.#.#####
### .....##.##.# #.#.#
.. .....g.....#####.#.#
## .....##..........#.#
........##########.#
##.####.# #.#


You could see 2 gnolls.

Vanquished Creatures
  An adder (D:2)
  2 gnolls (D:2)
  2 dart slugs
  4 bats
  3 endoplasms
  A giant cockroach (D:1)
  2 goblins
  6 hobgoblins
  A quokka (D:1)
  3 ball pythons
  2 kobolds
  10 rats (D:1)
37 creatures vanquished.

Notes
Turn   | Place    | Note
-------+----------+-------------------------------------------
     0 | D:1      | bat the Demonspawn Fighter began the quest for the Orb.
     0 | D:1      | Reached XP level 1. HP: 18/18 MP: 1/1
   229 | D:1      | Gained mutation: You have sharp fingernails. [demonic
                  | ancestry]
   229 | D:1      | Reached XP level 2. HP: 23/24 MP: 2/2
   900 | D:2      | Found a faded altar of an unknown god.
   946 | D:2      | Gained mutation: You regenerate a little health from kills.
                  | [demonic ancestry]
   946 | D:2      | Reached XP level 3. HP: 29/29 MP: 3/3
  1120 | D:2      | Reached skill level 1 in Unarmed Combat
  1457 | D:2      | Gained mutation: You have a somewhat thin skeletal
                  | structure. (Dex +2, Stealth+) [demonic ancestry]
  1457 | D:2      | Reached XP level 4. HP: 6/35 MP: 4/4
  1459 | D:2      | HP: 1/35 [gnoll/+0 club (2)]
  1459 | D:2      | Slain by a gnoll

Illustrated notes

Levels and vault maps discovered:
D:1:      dpeg_arrival_rooms_with_view, layout_loops_ring,
          kennysheep_pointless_box, minivault_5, kennysheep_minor_cross,
          minmay_misc_feat_nine_boxes, minivault_19
D:2:      layout_loops_ring, ebering_ecumenical_altar_abandoned,
          minmay_misc_feat_doors, grunt_decor_arrowhead

Skill      XL: |  1  2  3 |
---------------+----------+-----
Armour         | 3 |  3.2
Shields        | 3 |  3.2
Unarmed Combat | 1 |  1.1
Fighting       | |  3.5
Long Blades    | |  1.9

Action                     |  1- 3 |  4- 6 || total
---------------------------+-------+-------++-------
  Melee: Long sword        |   116 |     2 ||   118
    Use: Scroll            |     6 |       ||     6
         Potion            |     1 |       ||     1
 Armour: Scale mail        |    61 |       ||    61
  Dodge: Dodged            |    49 |     2 ||    51
  Block: Buckler           |    23 |     1 ||    24
